AoeStats
← shockmystic

Oasis

509010749Analyzed
4v4 RM · 8d ago on Sep 25, 2026· 16m 38s· 8 players
Game mode
Random Map
Map size
Large (8 player)
Population
200
Speed
Normal
Resources
Standard
Victory
Conquest
Starting age
Dark Age
Ending age
Imperial Age
RankedLock teamsTeams togetherTeam positionsShared explorationLock speedFull tech treeHidden civsTurbo modeCheats
Victory
Defeat
🇺🇸 Varangians · United States
1279
+12
🇺🇸 Danes · United States
1178
+17
🇺🇸 Slavs · United States
1171
+17
🇺🇸 Saxons · United States
1133
+19
🇵🇰 Jurchens · Pakistan
1227
-18
🇵🇰 Ethiopians · Pakistan
1210
-17
🇨🇳 Varangians · China
1171
-15
🇨🇳 Koreans · China
1160
-15
出兵保護我~
6:59 Loom
9:59 Feudal Age
14:42 Castle Age
15:12 Double-Bit Axe
Zuku
6:57 Loom
9:33 Feudal Age
10:11 Double-Bit Axe
10:16 Horse Collar
12:32 Scale Barding Armor
Ehco
11:17 Feudal Age
15:53 Castle Age
Umair
7:15 Loom
9:34 Feudal Age
15:30 Fletching
shockmystic
6:53 Loom
10:01 Feudal Age
11:31 Double-Bit Axe
12:51 Horse Collar
14:17 Fletching
14:29 Padded Archer Armor
17:33 Wheelbarrow
16:44 Town Watch
Bussa
11:23 Feudal Age
16:15 Castle Age
15:42 Double-Bit Axe
15:55 Horse Collar
3lbsofSalt[FAM]
7:17 Loom
9:54 Feudal Age
12:03 Double-Bit Axe
12:50 Horse Collar
13:27 Fletching
BiggestNerd
6:24 Loom
9:03 Feudal Age
9:58 Double-Bit Axe
9:55 Horse Collar
Connection lost

Rejoining the realm…

Still unreachable

The connection could not be restored.

Session expired

The server has moved on; the page needs a fresh start.